AoeStats
← 小飞机

QS Arena

503767716Analyzed
4v4 RM · 28d ago on Sep 2, 2026· 53m 28s· 8 players
Game mode
Random Map
Map size
Large (8 player)
Population
200
Speed
Normal
Resources
Standard
Victory
Conquest
Starting age
Dark Age
Ending age
Imperial Age
RankedLock teamsTeams togetherTeam positionsShared explorationLock speedFull tech treeHidden civsTurbo modeCheats
Victory
Defeat
🇨🇳 Burgundians · China
762
+11
761
+11
🇨🇳 Huns · China
679
+37
🇨🇳 Wu · China
654
+16
🇺🇸 Chinese · United States
678
-14
🇲🇽 Teutons · Mexico
670
-14
🇺🇸 Lithuanians · United States
635
-12
🇨🇳 Magyars · China
614
-12
Daniel68329
0:37 Loom
10:42 Feudal Age
11:08 Double-Bit Axe
11:05 Horse Collar
12:37 Gold Mining
18:47 Castle Age
20:00 Heavy Plow
20:23 Bow Saw
22:19 Pikeman
24:19 Squires
25:44 Caravan
31:26 Imperial Age
30:13 Forging
30:03 Scale Mail Armor
31:16 Arson
33:32 Conscription
33:33 Ironclad
34:18 Chemistry
33:53 Crop Rotation
34:28 Two-Man Saw
33:38 Elite Skirmisher
34:36 Fletching
35:23 Iron Casting
35:03 Chain Mail Armor
34:49 Padded Archer Armor
34:44 Halberdier
41:37 Wheelbarrow
40:49 Town Watch
40:41 Elite Teutonic Knight
44:20 Blast Furnace
43:50 Plate Mail Armor
43:16 Bodkin Arrow
43:55 Heavy Scorpion
Smokey Joe The Smokiest of Joes
0:39 Loom
10:46 Feudal Age
12:29 Wheelbarrow
11:40 Town Watch
11:59 Double-Bit Axe
12:37 Horse Collar
21:00 Castle Age
22:03 Hand Cart
21:48 Town Patrol
21:42 Gold Mining
21:42 Stone Mining
22:37 Town Patrol
26:38 Fortified Wall
27:06 Bow Saw
27:00 Heavy Plow
27:09 Squires
26:54 Arson
29:45 Masonry
29:33 Murder Holes
32:37 Gold Shaft Mining
32:37 Stone Shaft Mining
34:37 Pikeman
41:13 Husbandry
41:23 Bloodlines
45:32 Imperial Age
46:27 Great Wall
46:06 Cavalier
48:46 Sappers
49:36 Conscription
MaxDingo
1:32 Loom
9:28 Feudal Age
9:59 Double-Bit Axe
10:54 Wheelbarrow
10:40 Horse Collar
13:06 Gold Mining
18:00 Town Watch
21:03 Castle Age
21:35 Fletching
22:04 Bow Saw
22:21 Heavy Plow
22:41 Hand Cart
23:52 Bodkin Arrow
24:03 Caravan
24:04 Stone Mining
25:53 Padded Archer Armor
25:59 Squires
25:20 Pikeman
JOE
0:36 Loom
8:29 Feudal Age
16:47 Castle Age
15:20 Double-Bit Axe
15:18 Horse Collar
17:39 Wheelbarrow
20:13 Hand Cart
22:47 Gold Mining
23:12 Stone Mining
25:07 Heavy Plow
26:00 Treadmill Crane
27:24 Corvinian Army
27:51 Bow Saw
30:23 Gold Shaft Mining
30:09 Masonry
34:12 Imperial Age
33:20 Scale Barding Armor
35:27 Conscription
35:27 Elite Magyar Huszar
37:11 Chain Barding Armor
40:33 Plate Barding Armor
40:33 Onager
42:27 Crop Rotation
2012561215
6:30 Double-Bit Axe
6:41 Double-Bit Axe
9:42 Feudal Age
8:30 Horse Collar
14:53 Castle Age
13:50 Bow Saw
13:57 Heavy Plow
26:59 Wheelbarrow
29:04 Imperial Age
27:51 Two-Man Saw
27:24 Crop Rotation
27:59 Forging
27:54 Scale Barding Armor
27:13 Cavalier
28:32 Hand Cart
29:04 Burgundian Vineyards
29:05 Husbandry
30:30 Iron Casting
30:15 Chain Barding Armor
29:25 Paladin
30:29 Conscription
30:44 Caravan
31:04 Gold Mining
31:09 Stone Mining
32:49 Blast Furnace
32:46 Plate Barding Armor
32:10 Loom
33:04 Gold Shaft Mining
33:06 Stone Shaft Mining
40:52 Scale Mail Armor
40:33 Man-at-Arms
41:43 Squires
41:05 Long Swordsman
41:49 Squires
41:36 Arson
41:51 Two-Handed Swordsman
43:17 Chain Mail Armor
42:25 Champion
46:42 Plate Mail Armor
乾净
10:04 Feudal Age
12:29 Wheelbarrow
17:01 Double-Bit Axe
20:44 Castle Age
21:18 Fletching
21:34 Padded Archer Armor
22:01 Hand Cart
22:57 Caravan
23:16 Bodkin Arrow
24:34 Gold Mining
25:03 Bow Saw
29:53 Gold Shaft Mining
32:25 Imperial Age
32:30 Red Cliffs Tactics
34:57 Scale Mail Armor
35:08 Forging
35:01 Elite Fire Archer
36:16 Bracer
36:33 Leather Archer Armor
39:30 Conscription
40:36 Iron Casting
40:17 Chain Mail Armor
42:28 Chemistry
41:49 Ballistics
42:58 Plate Mail Armor
43:29 Blast Furnace
小飞机
8:45 Feudal Age
14:30 Wheelbarrow
20:33 Castle Age
21:29 Hand Cart
23:29 Stone Mining
23:29 Gold Mining
29:08 Imperial Age
29:16 Cavalier
33:08 Conscription
34:35 Gold Shaft Mining
35:15 Paladin
36:39 Scale Barding Armor
41:03 Chain Barding Armor
44:25 Plate Barding Armor
50:47 Husbandry
51:06 Bloodlines
不穿内裤真龙不被束缚
0:30 Loom
9:52 Feudal Age
10:40 Horse Collar
10:48 Double-Bit Axe
14:27 Castle Age
14:50 Stone Mining
16:00 Bow Saw
22:29 Heavy Plow
22:35 Gold Mining
26:54 Forging
26:45 Scale Mail Armor
26:50 Scale Barding Armor
27:02 Squires
26:25 Man-at-Arms
26:26 Pikeman
32:17 Imperial Age
30:29 Gold Shaft Mining
30:17 Chain Barding Armor
30:13 Chain Mail Armor
30:33 Iron Casting
32:43 Husbandry
32:53 Bloodlines
32:04 Light Cavalry
34:00 Long Swordsman
34:02 Halberdier
34:36 Capped Ram
35:44 Elite Centurion
38:18 Cavalier
39:26 Legionary
40:50 Iron Casting
40:51 Plate Barding Armor
49:20 Blast Furnace
Connection lost

Rejoining the realm…

Still unreachable

The connection could not be restored.

Session expired

The server has moved on; the page needs a fresh start.